 Dungeon Crawl Stone Soup version 0.31-a0-198-g2ad674f65e (webtiles) character file.

Game seed: 8217945758674000080

602 Dylgear the Shield-Bearer (level 7, -13/55 HPs)
             Began as a Formicid Fighter on June 25, 2023.
             Mangled by Edmund
             ... wielding a +1 heavy dire flail
              (16 damage)
             ... on level 4 of the Dungeon.
             The game lasted 00:10:43 (2725 turns).

Dylgear the Shield-Bearer (Formicid Fighter)        Turns: 2725, Time: 00:10:44

Health: -13/55     AC: 10    Str: 20    XL:     7   Next: 69%
Magic:  7/7        EV:  6    Int:  8    God:
Gold:   188        SH: 14    Dex: 15    Spells: 6/6 levels left

rFire   x . .        a - +1 war axe (drain)
rCold   + + .        m - +0 tower shield of the Armadillo {rPois Will+ SInv}
rNeg    . . .        r - +0 chain mail {rC+}
rPois   +            (helmet unavailable)
rElec   .            j - +0 cloak
rCorr   .            (no gloves)
SInv    +            (no boots)
Will    +....        (no amulet) Stlth
                     i - ring of ice
HPRegen 0.29/turn    (no ring)
MPRegen 0.10/turn

%: no passive effects
@: mighty
A: permanent stasis, dig shafts and tunnels, antennae 3, four strong arms
a: Dig, Shaft Self


You were on level 4 of the Dungeon.
You visited 1 branch of the dungeon, and saw 4 of its levels.
You also visited: Ossuary.

You collected 383 gold pieces.
You spent 195 gold pieces at shops.

Inventory:

Hand Weapons
 a - a +1 war axe of draining (weapon)
Missiles
 f - a throwing net
Armour
 c - a +1 buckler
 j - a +0 cloak (worn)
 m - the +0 tower shield of the Armadillo (worn) {rPois Will+ SInv}
   (You found it on level 3 of the Dungeon)

   rPois:     It protects you from poison.
   SInv:      It lets you see invisible.
   Will:      It increases your willpower.
 r - a +0 chain mail of cold resistance (worn)
Jewellery
 i - a ring of ice (left hand)
Wands
 p - a wand of polymorph (7)
Scrolls
 g - 2 scrolls of enchant armour
 q - a scroll of revelation
Potions
 d - 3 potions of might
 e - 4 potions of curing
 h - a potion of resistance
 k - 2 potions of lignification
 l - 2 potions of attraction
 n - 2 potions of mutation
 o - 2 potions of berserk rage {unknown}
 t - a potion of haste {unknown}
 u - a potion of magic {unknown}
 v - a potion of brilliance {unknown}
 x - a potion of invisibility {unknown}


   Skills:
 + Level 4.3 Fighting
 * Level 5.6 Axes
 * Level 4.5 Armour
 + Level 1.7 Dodging
 + Level 0.3 Stealth
 * Level 5.7 Shields


You had 6 spell levels left.
You didn't know any spells.
Your spell library contained the following spells:

 Spells                   Type           Power      Damage    Failure   Level
 Sublimation of Blood     Necr           0%         N/A       100%        2
 Leda's Liquefaction      Hex/Erth       0%         N/A       100%        4
 Petrify                  Tmut/Erth      0%         N/A       100%        4
 Irradiate                Conj/Tmut      0%         3d11      100%        5
 Lee's Rapid Deconstruct  Erth           0%         3d4*      100%        5
 Leda's Unmaking          Conj/Erth      0%         9d1       100%        6
 Statue Form              Tmut/Erth      0%         N/A       100%        6


Dungeon Overview and Level Annotations

Branches:
Dungeon (4/15)            Ossuary (visited)
 Temple: D:4-7

Altars:
Nemelex Xobeh

Shops:
D:2 (   D:4 [(

Annotations:
D:4 Edmund


Innate Abilities, Weirdness & Mutations

You cannot be hasted, slowed, berserked, paralysed or teleported.
You can dig through walls and to a lower floor.
You have a pair of large antennae on your head. (SInv)
Your four strong arms can wield two-handed weapons with a shield.


Message History

No target in view!
Found a stone staircase leading down.
Edmund the Younger comes into view.
He is wielding a +1 heavy dire flail and wearing a +2 chain mail of cold resistance.
Edmund shouts!
Things that are here:
a +0 club; a stone; a kobold corpse You feel very mighty all of a sudden.
Found 12 gold pieces.
You slash Edmund!
Edmund is lightly wounded.
You block Edmund's attack.
You closely miss Edmund.
Edmund is lightly wounded.
Edmund hits you with a +1 heavy dire flail!!
You slash Edmund!
Edmund is heavily wounded.
You block Edmund's attack.
You completely miss Edmund.
Edmund is heavily wounded.
Edmund hits you with a +1 heavy dire flail.
You hit Edmund. You drain Edmund.
Edmund is severely wounded.
Edmund hits you but does no damage.
You closely miss Edmund.
Edmund is severely wounded.
You block Edmund's attack.
You barely miss Edmund.
Edmund is severely wounded.
Edmund hits you with a +1 heavy dire flail.
You hit Edmund.
Edmund is severely wounded.
Edmund hits you with a +1 heavy dire flail!
* * * LOW HITPOINT WARNING * * *
You feel better.
Edmund hits you with a +1 heavy dire flail!
* * * LOW HITPOINT WARNING * * *
You slash Edmund!
Edmund is almost dead.
Edmund hits you with a +1 heavy dire flail!
You die...

## . .## ...
.. #.# .#
....###.###..#
#..
.......@.$...#
... #@####.#
#.. #.)....#
...
......>#.#.##
#..
######.#...#
#.##'##
###...##
##.....## ###
##.8...8.# ..#
{ ##.#.....#.#


You could see Edmund (drained).

Vanquished Creatures
  Sigmund (D:4)
  A phantom (D:4)
  A scorpion (D:3)
  Jessica (D:2)
  An orc wizard (D:4)
  9 mummies
  5 adders
  2 worms (D:2)
  A dart slug (D:3)
  4 orcs (D:4)
  12 ball pythons
  2 bats (D:1)
  11 endoplasms
  2 giant cockroaches
  3 gnoll zombies (Ossuary)
  5 goblins
  10 hobgoblins
  4 jackals (D:1)
  9 kobolds
  A quokka (D:4)
  8 frilled lizards
  A goblin zombie (D:4)
  4 hobgoblin zombies (Ossuary)
  A kobold zombie (Ossuary)
  6 rats
105 creatures vanquished.

Notes
Turn   | Place    | Note
-------+----------+-------------------------------------------
     0 | D:1      | Dylgear the Formicid Fighter began the quest for the Orb.
     0 | D:1      | Reached XP level 1. HP: 18/18 MP: 1/1
    41 | D:1      | Reached XP level 2. HP: 22/24 MP: 2/2
   161 | D:1      | Reached XP level 3. HP: 27/30 MP: 3/3
   808 | D:2      | Reached XP level 4. HP: 35/37 MP: 4/4
  1084 | D:2      | Found Bumeo's Weapon Shoppe.
  1151 | D:2      | Noticed Jessica
  1155 | D:2      | Killed Jessica
  1156 | D:2      | Reached skill level 1 in Dodging
  1377 | D:2      | Reached XP level 5. HP: 42/42 MP: 5/5
  1523 | D:3      | Identified the +0 tower shield of the Armadillo {rPois
                  | Will+ SInv}
  1721 | D:3      | Found a sparkling altar of Nemelex Xobeh.
  2194 | D:4      | Noticed a phantom
  2204 | D:4      | Killed a phantom
  2205 | D:4      | Reached skill level 5 in Shields
  2205 | D:4      | Reached XP level 6. HP: 45/48 MP: 6/6
  2248 | D:4      | Noticed Sigmund
  2258 | D:4      | Killed Sigmund
  2259 | D:4      | Reached XP level 7. HP: 47/55 MP: 7/7
  2263 | D:4      | Reached skill level 5 in Axes
  2265 | D:4      | Found a sand-covered staircase.
  2291 | Ossuary  | Entered an ossuary
  2551 | D:4      | Found Equkisti's Antique Armour Shop.
  2558 | D:4      | Bought a glowing chain mail for 195 gold pieces
  2661 | D:4      | Found Hasui's Antique Weapon Shop.
  2713 | D:4      | Noticed Edmund
  2724 | D:4      | HP: 2/55 [Edmund/+1 heavy dire flail (11)]
  2725 | D:4      | Mangled by Edmund

Illustrated notes

Levels and vault maps discovered:
D:1:      lemuel_arrival_hallway, layout_basic, minmay_split_cup_large
D:2:      layout_loops_corners, serial_shops, shop, minmay_misc_feat_square,
          uniq_jessica
D:3:      layout_loops_ring, nemelex_xobeh_ov_fountains_minmay,
          mrwooster_statue_mirror
D:4:      layout_basic, minitemple, nicolae_ossuary_entry_giza, serial_shops,
          shop, nicolae_shop_real_fake_doors, nicolae_diamond_shop,
          dk_noncrumbling_3, uniq_edmund, uniq_sigmund

Skill      XL: |  1  2  3  4  5  6  7 |
---------------+----------------------+-----
Fighting       | 4 |  4.3
Dodging        | 1 |  1.7
Axes           | 4 5 |  5.6
Armour         | 4 |  4.5
Shields        | 5 |  5.7
Stealth        | |  0.3

Action                     |  1- 3 |  4- 6 |  7- 9 || total
---------------------------+-------+-------+-------++-------
  Melee: War axe           |   124 |   104 |    66 ||   294
    Use: Scroll            |     6 |     4 |     5 ||    15
         Potion            |       |     1 |     2 ||     3
 Armour: Scale mail        |    66 |    42 |    15 ||   123
         Chain mail        |       |       |    10 ||    10
  Dodge: Dodged            |    80 |    24 |    20 ||   124
  Block: Buckler           |    44 |    10 |       ||    54
         Tower shield      |       |    61 |    50 ||   111

Table legend: (Time is in decaauts)
 A = Elapsed time spent in this place.
 B = Non-inter-level travel time spent in this place.
 C = Inter-level travel time spent in this place.
 D = Time resting spent in this place.
 E = Time spent auto-exploring this place.
 F = Levels seen in this place.
 G = Mean time per level.
                   A        B        C        D        E       F      G
               +--------+--------+--------+--------+--------+-----+--------+
         Total |   2863 |   2699 |    164 |    113 |   1476 |   5 |  572.6 |
       Dungeon |   2638 |   2474 |    164 |     94 |   1476 |   4 |  659.5 |
       Ossuary |    225 |    225 |      0 |     19 |      0 |   1 |  225.0 |
               +--------+--------+--------+--------+--------+-----+--------+

Top non-repeatable levels by time:
     D:2: 904 daAuts
     D:3: 687 daAuts
     D:1: 685 daAuts
     D:4: 360 daAuts
 Ossuary: 225 daAuts
